 Dungeon Crawl Stone Soup version 0.20.1-1-g8b1a95d66d (webtiles) character file.

6414 Merkmirnix the Cleaver (level 10, -4/91 HPs)
             Began as a Minotaur Berserker on Aug 21, 2018.
             Was an Elder of Trog.
             Slain by a two-headed ogre
             ... wielding a +0 giant club
              (13 damage)
             ... on level 10 of the Dungeon.
             The game lasted 00:26:58 (7590 turns).

Merkmirnix the Cleaver (Minotaur Berserker)         Turns: 7590, Time: 00:26:58

Health: -4/91      AC: 11    Str: 28    XL:     10   Next: 66%
Magic:  9/9        EV:  5    Int:  4    God:    Trog [****..]
Gold:   291        SH:  0    Dex: 10    Spells: 9/9 levels left

rFire    . . .     SeeInvis .   F - +2 broad axe (flame)
rCold    . . .     Gourm    .   B - +0 large shield
rNeg     . . .     Faith    .   a - +0 chain mail
rPois    .         Spirit   .   (helmet restricted)
rElec    .         Reflect  .   (no cloak)
rCorr    .         Harm     .   (no gloves)
MR       .....                  (no boots)
Stlth    ..........             n - amulet of magic regeneration
Regen    0.3/turn               z - +3 ring of strength
MPRegen  0.2/turn               (no ring)

@: confused
A: retaliatory headbutt, horns 2
a: Berserk, Trog's Hand, Brothers in Arms, Burn Spellbooks, Renounce Religion


You were on level 10 of the Dungeon.
You worshipped Trog.
Trog was greatly pleased with you.
You were very hungry.

You visited 1 branch of the dungeon, and saw 10 of its levels.

You collected 482 gold pieces.
You spent 191 gold pieces at shops.

Inventory:

Hand Weapons
 F - a +2 broad axe of flaming (weapon)
Armour
 a - a +0 chain mail (worn)
 B - a +0 large shield (worn)
Jewellery
 n - an amulet of magic regeneration (around neck)
 z - a +3 ring of strength (left hand)
 A - an uncursed amulet of rage {unknown}
 G - an uncursed ring of protection from fire {unknown}
 I - an uncursed ring of protection from cold {unknown}
Wands
 v - a wand of digging (9/24)
 w - a wand of flame (28/48)
 C - a wand of digging (5/24)
 K - a wand of digging (8/24)
 L - a wand of iceblast (6/15)
Scrolls
 d - 2 scrolls of random uselessness {unknown}
 e - 2 scrolls of fog
 g - 3 scrolls of blinking
 h - 4 scrolls of recharging
 o - 5 scrolls of teleportation
 q - 2 scrolls of immolation
 s - 5 scrolls of remove curse
 x - a scroll of enchant armour {unknown}
 y - 2 scrolls of fear {unknown}
 D - 3 scrolls of identify
Potions
 b - 2 potions of lignification {unknown}
 f - a potion of haste {unknown}
 i - 2 potions of resistance
 j - a potion of might {unknown}
 k - 3 potions of heal wounds {unknown}
 l - a potion of agility {unknown}
 p - 7 potions of curing {unknown}
 t - a potion of berserk rage {unknown}
 u - a potion of ambrosia {unknown}
 H - a potion of degeneration {unknown}
 J - a potion of flight {unknown}
Comestibles
 c - 12 bread rations
 m - a royal jelly
 r - 9 meat rations
 E - 3 fruits


   Skills:
 * Level 9.1 Fighting
 * Level 14.0 Axes
 * Level 9.3 Armour
 - Level 2.4 Dodging
 + Level 1.0 Stealth
 + Level 4.6 Shields


You had 9 spell levels left.
You didn't know any spells.

Dungeon Overview and Level Annotations

Branches:
Dungeon (10/15)            Temple (0/1) D:4             Orc (0/2) D:9
   Lair: D:8-11

Altars:
Ashenzari
Cheibriados
Dithmenos
Fedhas
Nemelex Xobeh
Zin
The Shining One

Shops:
D:4 ?   D:7 (


Innate Abilities, Weirdness & Mutations

You reflexively headbutt those who attack you in melee.
You have a pair of horns on your head.


Message History

You closely miss the two-headed ogre.
The orc priest begins to cast a cantrip, but forgets the words!
The orc wizard casts a spell at you.
You are confused.
You bump into the rock wall.
The two-headed ogre barely misses you.
The two-headed ogre hits you but does no damage.
The orc priest mumbles some strange prayers to Beogh against you.
Beogh smites you!
The two-headed ogre hits you with a giant club!!
The two-headed ogre barely misses you.
You bump into the rock wall.
The two-headed ogre hits you with a giant club!!
* * * LOW HITPOINT WARNING * * *
The two-headed ogre hits you with a dire flail!
* * * LOW HITPOINT WARNING * * *
You slice the two-headed ogre!! You burn the two-headed ogre.
You headbutt the two-headed ogre, but do no damage.
The two-headed ogre is heavily wounded.
The two-headed ogre hits you with a giant club!
You die...

.#. ... ... ...
... ...? ...
... ...o#
#.##....
......##..#..
......o.....
#.#.o.##..#
...o...#.@#
#...<.O#
#...#.......#
#...#..#.....
#...#........
.........#....
...[.........##
#...#..#...####
.......#...#


You could see a two-headed ogre, an orc priest and an orc wizard.

Vanquished Creatures
  The ghost of Teleutos the Blocker, a novice MiFi (D:8)
  Erica (D:9)
  A two-headed ogre (D:9)
  The ghost of Xenomina the Poker, a novice DgGl (D:6)
  Pikel (D:7)
  2 hippogriffs (D:7)
  A wyvern (D:9)
  The ghost of Teleutos the Covered, an amateur HOFi (D:4)
  Menkaure (D:5)
  2 orc warriors (D:9)
  An ice beast (D:9)
  2 sky beasts
  2 phantoms
  2 ogres
  A crocodile (D:8)
  A big kobold (D:9)
  3 bullfrogs
  3 scorpions
  4 wights (D:7)
  A howler monkey (D:5)
  2 bullfrog zombies
  A quasit (D:7)
  4 crimson imps
  An orc priest (D:9)
  3 bullfrog skeletons
  3 hounds
  2 jellies
  3 iguanas
  A centaur skeleton (D:4)
  An orc wizard (D:9)
  8 worker ants
  A killer bee zombie (D:6)
  A hound skeleton (D:5)
  18 gnolls
  14 adders
  2 shadow imps
  An ooze (D:1)
  An adder zombie (D:6)
  2 adder skeletons
  4 worms
  3 leopard geckos
  22 orcs
  5 bats
  9 giant cockroaches
  3 goblins
  7 hobgoblins
  2 jackals (D:2)
  9 kobolds
  4 quokkas
  5 frilled lizards
  A jackal zombie (D:8)
  3 rats
178 creatures vanquished.

Notes
Turn   | Place    | Note
-------+----------+-------------------------------------------
     0 | D:1      | Merkmirnix the Minotaur Berserker began the quest for the Orb.
     0 | D:1      | Reached XP level 1. HP: 19/19 MP: 0/0
   168 | D:1      | Reached XP level 2. HP: 23/27 MP: 1/1
   480 | D:2      | Reached skill level 4 in Axes
   480 | D:2      | Reached XP level 3. HP: 32/33 MP: 2/2
   705 | D:2      | Reached XP level 4. HP: 38/41 MP: 3/3
   792 | D:2      | Found a faded altar of an unknown god.
   961 | D:2      | Reached ** piety under Trog
  1582 | D:4      | Reached skill level 5 in Axes
  1616 | D:4      | Reached skill level 5 in Fighting
  1616 | D:4      | Reached XP level 5. HP: 15/48 MP: 4/4
  1775 | D:4      | Noticed Teleutos's ghost (amateur HOFi)
  1779 | D:4      | Killed Teleutos's ghost
  1779 | D:4      | Reached skill level 6 in Axes
  1779 | D:4      | Reached XP level 6. HP: 31/56 MP: 5/5
  2205 | D:4      | Found Geusomal's Magic Scroll Emporium.
  2210 | D:4      | Bought a scroll of remove curse for 30 gold pieces
  2375 | D:4      | Found a staircase to the Ecumenical Temple.
  2454 | D:4      | Found a glowing silver altar of Zin.
  2454 | D:4      | Noticed an angel
  2508 | D:5      | Entered Level 5 of the Dungeon
  3060 | D:5      | Reached skill level 7 in Axes
  3200 | D:5      | Reached XP level 7. HP: 60/61 MP: 6/6
  3208 | D:5      | Noticed Menkaure
  3217 | D:5      | Killed Menkaure
  3217 | D:5      | Reached skill level 5 in Armour
  3810 | D:5      | Found a shadowy altar of Dithmenos.
  3949 | D:5      | Reached skill level 8 in Axes
  4234 | D:6      | Noticed Xenomina's ghost (novice DgGl)
  4255 | D:6      | Killed Xenomina's ghost
  4255 | D:6      | Reached skill level 9 in Axes
  4255 | D:6      | Reached skill level 1 in Stealth
  4255 | D:6      | Reached XP level 8. HP: 39/71 MP: 7/7
  4495 | D:6      | Reached *** piety under Trog
  4543 | D:6      | Found a shattered altar of Ashenzari.
  4573 | D:6      | Reached skill level 10 in Axes
  4767 | D:6      | Found a snail-covered altar of Cheibriados.
  5221 | D:7      | Noticed a hippogriff
  5227 | D:7      | Killed a hippogriff
  5227 | D:7      | Reached skill level 11 in Axes
  5227 | D:7      | Reached XP level 9. HP: 68/79 MP: 8/8
  5512 | D:7      | Reached **** piety under Trog
  5535 | D:7      | Reached skill level 1 in Shields
  5614 | D:7      | Noticed Pikel
  5622 | D:7      | Killed Pikel
  5622 | D:7      | Reached skill level 12 in Axes
  5687 | D:7      | Found Amoodol's Antique Weapon Shop.
  5731 | D:7      | Bought a runed broad axe for 161 gold pieces
  5922 | D:8      | Found a snail-covered altar of Cheibriados.
  5960 | D:8      | Noticed Teleutos's ghost (novice MiFi)
  5970 | D:8      | Killed Teleutos's ghost
  5970 | D:8      | Reached XP level 10. HP: 90/90 MP: 9/9
  5997 | D:8      | Found a glowing golden altar of the Shining One.
  6645 | D:9      | Found a staircase to the Orcish Mines.
  6719 | D:9      | Reached skill level 13 in Axes
  6744 | D:9      | Noticed a two-headed ogre
  6749 | D:9      | Killed a two-headed ogre
  6914 | D:9      | Found a sparkling altar of Nemelex Xobeh.
  6918 | D:9      | Noticed Erica
  6938 | D:9      | Killed Erica
  7162 | D:9      | Found a blossoming altar of Fedhas.
  7391 | D:9      | Reached ***** piety under Trog
  7391 | D:9      | Reached skill level 14 in Axes
  7584 | D:10     | Entered Level 10 of the Dungeon
  7584 | D:10     | Noticed a two-headed ogre
  7590 | D:10     | Slain by a two-headed ogre

Skill      XL: |  1  2  3  4  5  6  7  8  9 10 |
---------------+-------------------------------+-----
Fighting       | 4 5 6 7 8 9 |  9.1
Axes           | 4 5 6 7 9 11 12 14 | 14.0
Armour         | 3 4 5 6 8 9 |  9.3
Stealth        | 1 |  1.0
Shields        | 3 4 |  4.6
Dodging        | |  2.4

Action                   |  1- 3 |  4- 6 |  7- 9 | 10-12 || total
-------------------------+-------+-------+-------+-------++-------
Melee: Hand axe          |    54 |    15 |       |       ||    69
       Headbutt          |     7 |    19 |    40 |    18 ||    84
       Spear             |       |    26 |       |       ||    26
       Broad axe         |       |    51 |   184 |    79 ||   314
Invok: Berserk           |       |     1 |     3 |       ||     4
  Use: Scroll            |       |     6 |     1 |       ||     7
  Eat: Chunk             |       |     4 |     6 |     5 ||    15
       Bread ration      |       |     1 |     1 |       ||     2
Armor: Animal skin       |    12 |       |       |       ||    12
       Ring mail         |     6 |    28 |    15 |       ||    49
       Scale mail        |       |       |    19 |       ||    19
       Chain mail        |       |       |    41 |    21 ||    62
Dodge: Dodged            |    45 |    62 |    81 |     6 ||   194
Block: Large shield      |       |       |    70 |    50 ||   120
